 Dungeon Crawl Stone Soup version 0.21.1-1-g345015fe64 (webtiles) character file.

278 ILYA101 the Magician (level 6, -2/48 HPs)
             Began as a Gnoll Wizard on July 18, 2018.
             Was an Initiate of Sif Muna.
             Slain by an ogre
             ... wielding a +0 giant club
              (8 damage)
             ... on level 4 of the Dungeon.
             The game lasted 00:25:56 (6056 turns).

ILYA101 the Magician (Gnoll Wizard)                 Turns: 6056, Time: 00:25:56

Health: -2/48      AC:  5    Str: 12    XL:     6   Next: 26%
Magic:  2/16       EV: 14    Int: 20    God:    Sif Muna [......]
Gold:   83         SH:  0    Dex: 13    Spells: 13/19 levels left

rFire    . . .     SeeInvis .   n - +5 whip (elec)
rCold    . . .     Gourm    .   (no shield)
rNeg     + . .     Faith    .   m - +2 robe {rN+}
rPois    .         Spirit   .   o - +0 helmet
rElec    .         Reflect  .   (no cloak)
rCorr    .         Harm     .   (no gloves)
MR       .....                  (no boots)
Stlth    +++.......             (no amulet)
HPRegen  0.16/turn              (no ring)
MPRegen  0.15/turn              (no ring)

@: no status effects
A: distributed training, fangs 1, robust 1, MP-powered wands, strong nose
a: Renounce Religion


You were on level 4 of the Dungeon.
You worshipped Sif Muna.
Sif Muna was noncommittal.
You were near starving.

You visited 1 branch of the dungeon, and saw 4 of its levels.

You collected 83 gold pieces.

Inventory:

Hand Weapons
 n - a +5 whip of electrocution (weapon)
Armour
 m - a +2 robe of positive energy (worn)
 o - a +0 helmet (worn)
Wands
 q - a wand of disintegration (6)
Scrolls
 f - a scroll of identify
 i - 2 scrolls of magic mapping
 l - a scroll of remove curse
 p - 2 scrolls of teleportation
Potions
 e - a potion of agility
Books
 c - a book of Minor Magic

   Spells                             Type                      Level
   a - Magic Dart                     Conjuration                  1
   b - Blink                          Translocation                2
   c - Call Imp                       Summoning                    2
   d - Slow                           Hexes                        2
   e - Conjure Flame                  Conjuration/Fire             3
   f - Mephitic Cloud                 Conjuration/Poison/Air       3
Comestibles
 d - 3 rations


   Skills:
 + Level 1.8 Fighting
 + Level 1.8 Short Blades
 + Level 1.8 Long Blades
 + Level 1.8 Axes
 + Level 1.8 Maces & Flails
 + Level 1.8 Polearms
 + Level 1.8 Staves
 + Level 1.8 Slings
 + Level 1.8 Bows
 + Level 1.8 Crossbows
 + Level 1.8 Throwing
 + Level 1.8 Armour
 + Level 4.9 Dodging
 + Level 4.5 Stealth
 + Level 1.8 Shields
 + Level 1.8 Unarmed Combat
 + Level 7.4 Spellcasting
 + Level 2.6 Conjurations
 + Level 1.4 Hexes
 + Level 1.4 Charms
 + Level 2.6 Summonings
 + Level 1.4 Necromancy
 + Level 2.6 Translocations
 + Level 1.4 Transmutations
 + Level 1.4 Fire Magic
 + Level 1.4 Ice Magic
 + Level 1.4 Air Magic
 + Level 1.4 Earth Magic
 + Level 1.4 Poison Magic
 + Level 2.0 Invocations
 + Level 1.8 Evocations


You had 13 spell levels left.
You knew the following spells:

 Your Spells              Type           Power        Failure   Level  Hunger
a - Magic Dart            Conj           ###.         3%          1    None
b - Call Imp              Summ           ###.....     4%          2    None
c - Mephitic Cloud        Conj/Pois/Air  ##......     13%         3    #......


Dungeon Overview and Level Annotations

Branches:
Dungeon (4/15)
 Temple: D:4-7

Altars:
Elyvilon
Sif Muna
Trog
Uskayaw
Vehumet
Xom
Zin
The Shining One

Shops:
D:4 *

Annotations:
D:3 kalosz4's ghost, amateur GrEE
D:4 Pikel


Innate Abilities, Weirdness & Mutations

Your experience applies equally to all skills.
You have very sharp teeth.
Your uncanny sense of smell can sniff out nearby items.
You are robust. (+10% HP)
You expend magic power (3 MP) to strengthen your wands.


Message History

Your crimson imp blinks!
Your crimson imp misses the slave.
Casting: Call Imp
Confirm with . or Enter, or press ? or * to list all spells.
You don't have enough magic to cast that spell.
Casting: Call Imp
Confirm with . or Enter, or press ? or * to list all spells.
You don't have enough magic to cast that spell.
Casting: Call Imp
Confirm with . or Enter, or press ? or * to list all spells.
Okay, then.
The slave closely misses you.
You hit the slave.
The slave is lightly wounded.
Your crimson imp blinks!
The slave closely misses you.
You hit the slave.
The slave is lightly wounded.
The slave closely misses you. The ogre hits you with a giant club!
You die...

##5....#.# .
#........# W.
#?.......#
#........#
##.....#.#######
##)..##........
#####.###########
#.O...# #@#####
#p# #p# #5######
#.##... #.##.#
#....# ####.##
##.5.##


You could see an ogre, 2 slaves and a friendly crimson imp.

Vanquished Creatures
  Jessica (D:2)
  An orc wizard (D:2)
  7 adders
  3 gnolls (D:3)
  5 worms
  4 leopard geckos
  5 orcs (D:3)
  5 bats
  7 giant cockroaches
  16 goblins
  9 hobgoblins
  5 jackals
  4 quokkas
  10 frilled lizards
  4 kobolds
  8 rats
94 creatures vanquished.

Vanquished Creatures (collateral kills)
  An orc priest (D:2)
  Robin (D:3)
  A bat (D:3)
  A hobgoblin (D:3)
4 creatures vanquished.

Grand Total: 98 creatures vanquished

Notes
Turn   | Place    | Note
-------+----------+-------------------------------------------
     0 | D:1      | ILYA101 the Gnoll Wizard began the quest for the Orb.
     0 | D:1      | Reached XP level 1. HP: 13/13 MP: 8/8
   510 | D:1      | Reached XP level 2. HP: 19/19 MP: 3/10
   760 | D:1      | Learned a level 2 spell: Call Imp
  1234 | D:2      | Reached XP level 3. HP: 8/25 MP: 6/11
  1836 | D:2      | Reached skill level 1 in Invocations
  1857 | D:2      | Noticed Robin
  1891 | D:2      | Reached skill level 1 in Fighting
  1891 | D:2      | Reached skill level 1 in Short Blades
  1891 | D:2      | Reached skill level 1 in Long Blades
  1891 | D:2      | Reached skill level 1 in Axes
  1891 | D:2      | Reached skill level 1 in Maces & Flails
  1891 | D:2      | Reached skill level 1 in Polearms
  1891 | D:2      | Reached skill level 1 in Staves
  1891 | D:2      | Reached skill level 1 in Slings
  1891 | D:2      | Reached skill level 1 in Bows
  1891 | D:2      | Reached skill level 1 in Crossbows
  1891 | D:2      | Reached skill level 1 in Throwing
  1891 | D:2      | Reached skill level 1 in Armour
  1891 | D:2      | Reached skill level 1 in Shields
  1891 | D:2      | Reached skill level 1 in Unarmed Combat
  1891 | D:2      | Reached skill level 1 in Evocations
  2161 | D:3      | Reached XP level 4. HP: 32/32 MP: 11/13
  2327 | D:3      | HP: 1/32 [Robin/whip of electrocution (10)]
  2408 | D:3      | Killed Robin
  2884 | D:2      | Learned a level 3 spell: Mephitic Cloud
  2972 | D:2      | Reached skill level 1 in Hexes
  2972 | D:2      | Reached skill level 1 in Charms
  2972 | D:2      | Reached skill level 1 in Necromancy
  2972 | D:2      | Reached skill level 1 in Transmutations
  2972 | D:2      | Reached skill level 1 in Fire Magic
  2972 | D:2      | Reached skill level 1 in Ice Magic
  2972 | D:2      | Reached skill level 1 in Air Magic
  2972 | D:2      | Reached skill level 1 in Earth Magic
  2972 | D:2      | Reached skill level 1 in Poison Magic
  3050 | D:2      | Found a radiant altar of Vehumet.
  3052 | D:2      | Found a shimmering altar of Xom.
  3253 | D:2      | Noticed a moth of wrath
  3256 | D:2      | Found a bloodstained altar of Trog.
  3930 | D:2      | Found a hide-covered altar of Uskayaw.
  3932 | D:2      | Found a deep blue altar of Sif Muna.
  4013 | D:3      | Reached XP level 5. HP: 37/37 MP: 7/14
  4114 | D:2      | Became a worshipper of Sif Muna the Loreminder
  4143 | D:3      | Noticed Jessica
  4164 | D:2      | Killed Jessica
  4594 | D:3      | Reached XP level 6. HP: 40/44 MP: 6/16
  5037 | D:3      | Noticed kalosz4's ghost (amateur GrEE)
  5051 | D:3      | Gained mutation: You expend magic power (3 MP) to strengthen your wands. [potion of mutation]
  5051 | D:3      | Gained mutation: You are robust. (+10% HP) [potion of mutation]
  5818 | D:3      | Found a glowing golden altar of the Shining One.
  5818 | D:3      | Found a glowing silver altar of Zin.
  5821 | D:3      | Found a white marble altar of Elyvilon.
  5858 | D:4      | Noticed Pikel
  5858 | D:4      | Noticed a slave
  5858 | D:4      | Noticed a slave
  5860 | D:4      | Noticed a slave
  5863 | D:4      | Noticed a slave
  5863 | D:4      | Noticed a phantom
  6013 | D:4      | Found Xeyloare's General Store.
  6056 | D:4      | Slain by an ogre

Skill      XL: |  1  2  3  4  5  6 |
---------------+-------------------+-----
Conjurations   | 2 |  2.6
Summonings     | 2 |  2.6
Translocations | 2 |  2.6
Invocations    | 1 2 |  2.0
Fighting       | 1 |  1.8
Short Blades   | 1 |  1.8
Long Blades    | 1 |  1.8
Axes           | 1 |  1.8
Maces & Flails | 1 |  1.8
Polearms       | 1 |  1.8
Staves         | 1 |  1.8
Slings         | 1 |  1.8
Bows           | 1 |  1.8
Crossbows      | 1 |  1.8
Throwing       | 1 |  1.8
Armour         | 1 |  1.8
Shields        | 1 |  1.8
Unarmed Combat | 1 |  1.8
Evocations     | 1 |  1.8
Hexes          | 1 |  1.4
Charms         | 1 |  1.4
Necromancy     | 1 |  1.4
Transmutations | 1 |  1.4
Fire Magic     | 1 |  1.4
Ice Magic      | 1 |  1.4
Air Magic      | 1 |  1.4
Earth Magic    | 1 |  1.4
Poison Magic   | 1 |  1.4
Dodging        | |  4.9
Stealth        | |  4.5
Spellcasting   | |  7.4

Action                   |  1- 3 |  4- 6 || total
-------------------------+-------+-------++-------
Melee: Unarmed           |    27 |     5 ||    32
       Bite              |     1 |     7 ||     8
       Whip              |       |    55 ||    55
 Cast: Magic Dart        |    74 |   185 ||   259
       Call Imp          |       |    21 ||    21
       Mephitic Cloud    |       |     4 ||     4
  Use: Scroll            |       |     9 ||     9
       Potion            |       |     1 ||     1
 Stab: Sleeping          |       |     1 ||     1
  Eat: Chunk             |     2 |    12 ||    14
Armor: Robe              |     6 |    16 ||    22
Dodge: Dodged            |    31 |    69 ||   100
